 Dungeon Crawl Stone Soup version 0.28.0-53-g5a82cb258f (webtiles) character file.

Game seed: 4246568083563459397

362 jiml777 the Basher (level 6, -2/51 HPs)
             Began as a Gnoll Wanderer on July 8, 2022.
             Succumbed to an orange demon's poison
             ... on level 7 of the Dungeon.
             The game lasted 00:10:39 (2968 turns).

jiml777 the Basher (Gnoll Wanderer)                 Turns: 2968, Time: 00:10:39

Health: -2/51      AC:  7    Str: 13    XL:     6   Next: 66%
Magic:  9/9        EV: 10    Int: 10    God:
Gold:   139        SH:  5    Dex: 13    Spells: 9/9 levels left

rFire   . . .      SeeInvis .   a - +2 mace
rCold   + . .      Faith    .   c - +0 buckler
rNeg    . . .      Spirit   .   h - +0 ring mail {rC+}
rPois   .          Reflect  .   (no helmet)
rElec   .          Harm     .   (no cloak)
rCorr   .          Rampage  .   f - +0 pair of gloves
Will    .....                   j - +0 pair of boots
Stlth   +.........              (no amulet)
HPRegen 0.17/turn               (no ring)
MPRegen 0.11/turn               (no ring)

@: lethally poisoned (-2 -> -17), weakened
A: fangs 1, strong nose, distributed training
a: no special abilities


You were on level 7 of the Dungeon.
You visited 1 branch of the dungeon, and saw 5 of its levels.

You collected 139 gold pieces.

Inventory:

Hand Weapons
 a - a +2 mace (weapon)
 g - a +0 short sword
 r - a +3 dagger
Missiles
 e - 59 stones (quivered)
 m - 38 bolts
 q - 12 arrows
Armour
 c - a +0 buckler (worn)
 d - a +0 leather armour
 f - a +0 pair of gloves (worn)
 h - a +0 ring mail of cold resistance (worn)
 j - a +0 pair of boots (worn)
Jewellery
 t - an amulet of faith
Scrolls
 i - 3 scrolls of fog
 k - 2 scrolls of noise {unknown}
 l - a scroll of torment {unknown}
 n - a scroll of acquirement {unknown}
 o - 2 scrolls of immolation {unknown}
Potions
 b - 3 potions of lignification
 s - a potion of haste
 u - a potion of might
 v - a potion of berserk rage


   Skills:
 + Level 5.0 Fighting
 + Level 2.0 Short Blades
 + Level 2.0 Long Blades
 + Level 2.0 Axes
 + Level 8.8 Maces & Flails
 + Level 2.0 Polearms
 + Level 2.0 Staves
 + Level 2.0 Slings
 + Level 2.0 Bows
 + Level 2.0 Crossbows
 + Level 2.0 Throwing
 + Level 2.0 Armour
 + Level 2.0 Dodging
 + Level 2.0 Stealth
 + Level 5.0 Shields
 + Level 3.3 Unarmed Combat
 + Level 2.0 Spellcasting
 + Level 1.6 Conjurations
 + Level 1.6 Hexes
 + Level 1.6 Summonings
 + Level 1.6 Necromancy
 + Level 1.6 Translocations
 + Level 1.6 Transmutations
 + Level 1.6 Fire Magic
 + Level 1.6 Ice Magic
 + Level 1.6 Air Magic
 + Level 1.6 Earth Magic
 + Level 1.6 Poison Magic
 + Level 2.2 Invocations
 + Level 3.3 Evocations


You had 9 spell levels left.
You didn't know any spells.
Your spell library contained the following spells:

 Spells                   Type           Power      Damage    Failure   Level
 Slow                     Hex            16%        N/A       41%         1
 Confusing Touch          Hex            4%         N/A       78%         3
 Vampiric Draining        Necr           4%         2d6       78%         3


Dungeon Overview and Level Annotations

Branches:
Dungeon (4/15)
 Temple: D:4-7

Altars:


Innate Abilities, Weirdness & Mutations

You have very sharp teeth.
Your uncanny sense of smell can sniff out nearby items.
Your experience applies equally to all skills.


Message History

The kobold demonologist closely misses you.
You closely miss the kobold demonologist.
The kobold demonologist is lightly wounded.
The kobold brigand hits you with a +0 dagger.
The kobold demonologist hits you with a +0 dagger.
* * * LOW HITPOINT WARNING * * *
You hit the kobold demonologist but do no damage.
The kobold demonologist is lightly wounded.
The kobold brigand barely misses you.
The kobold demonologist casts a spell.
The kobold brigand barely misses you.
You closely miss the orange demon.
You bite the orange demon, but do no damage.
The kobold demonologist looks encouraged for a moment.
The orange demon stings you but does no damage.
The orange demon hits you.
* * * LOW HITPOINT WARNING * * *
You feel your attacks grow feeble.
The kobold brigand hits you with a +0 dagger.
* * * LOW HITPOINT WARNING * * *
You hit the kobold demonologist but do no damage.
The kobold demonologist is lightly wounded.
The kobold demonologist hits you but does no damage.
The kobold brigand hits you but does no damage.
The orange demon stings you.
* * * LOW HITPOINT WARNING * * *
You are lethally poisoned!
The orange demon poisons you! The orange demon barely misses you.
Unknown command.
You hit the kobold demonologist.
The kobold demonologist is moderately wounded.
* * * LOW HITPOINT WARNING * * *
You feel very sick.
The kobold demonologist hits you but does no damage.
The kobold brigand hits you with a +0 dagger.
* * * LOW HITPOINT WARNING * * *
The orange demon completely misses you. The orange demon closely misses you.
You barely miss the kobold demonologist.
The kobold demonologist is moderately wounded.
You die...

#.........$
#.4.....#
########5K...$.#
#K...KK'5KK.####
#K######.K..#
#K# ##.K.# #5#
#.o.#
#K#######...#
#K@4........#
########>...#
#....# #....#


You could see an orange demon (summoned), a kobold demonologist, 3 kobold
brigands, a white imp (summoned) and a kobold.

Vanquished Creatures
  A water moccasin skeleton (D:4)
  4 orc wizards
  A hound zombie (D:3)
  A hound skeleton (D:4)
  7 gnolls (D:4)
  3 adders
  An adder skeleton (D:4)
  A dart slug (D:3)
  12 orcs
  6 bats
  8 endoplasms
  A giant cockroach (D:1)
  4 goblins (D:1)
  9 hobgoblins
  8 kobolds
  5 quokkas
  4 ball pythons
  4 frilled lizards
  3 rats
83 creatures vanquished.

Vanquished Creatures (others)
  3 plants (D:2)
3 creatures vanquished.

Grand Total: 86 creatures vanquished

Notes
Turn   | Place    | Note
-------+----------+-------------------------------------------
     0 | D:1      | jiml777 the Gnoll Wanderer began the quest for the Orb.
     0 | D:1      | jiml777 set off with the following items: a +2 mace, a
                  | potion of lignification, a +0 buckler, a +0 leather armour
     0 | D:1      | Reached XP level 1. HP: 20/20 MP: 1/1
   147 | D:1      | Found a faded altar of an unknown god.
   150 | D:1      | Reached XP level 2. HP: 26/26 MP: 2/2
   477 | D:1      | Reached XP level 3. HP: 30/31 MP: 3/3
   976 | D:2      | Reached skill level 1 in Invocations
  1029 | D:2      | Reached skill level 1 in Short Blades
  1029 | D:2      | Reached skill level 1 in Long Blades
  1029 | D:2      | Reached skill level 1 in Axes
  1029 | D:2      | Reached skill level 1 in Polearms
  1029 | D:2      | Reached skill level 1 in Staves
  1029 | D:2      | Reached skill level 1 in Slings
  1029 | D:2      | Reached skill level 1 in Bows
  1029 | D:2      | Reached skill level 1 in Crossbows
  1029 | D:2      | Reached skill level 1 in Throwing
  1029 | D:2      | Reached skill level 1 in Armour
  1029 | D:2      | Reached skill level 1 in Dodging
  1029 | D:2      | Reached skill level 1 in Stealth
  1029 | D:2      | Reached skill level 1 in Spellcasting
  1186 | D:2      | Reached XP level 4. HP: 36/38 MP: 5/5
  1756 | D:3      | Reached skill level 1 in Conjurations
  1756 | D:3      | Reached skill level 1 in Hexes
  1756 | D:3      | Reached skill level 1 in Summonings
  1756 | D:3      | Reached skill level 1 in Necromancy
  1756 | D:3      | Reached skill level 1 in Translocations
  1756 | D:3      | Reached skill level 1 in Transmutations
  1756 | D:3      | Reached skill level 1 in Fire Magic
  1756 | D:3      | Reached skill level 1 in Ice Magic
  1756 | D:3      | Reached skill level 1 in Air Magic
  1756 | D:3      | Reached skill level 1 in Earth Magic
  1756 | D:3      | Reached skill level 1 in Poison Magic
  2095 | D:4      | Reached XP level 5. HP: 43/43 MP: 5/7
  2414 | D:4      | Reached XP level 6. HP: 44/50 MP: 8/8
  2546 | D:4      | Reached skill level 5 in Fighting
  2546 | D:4      | Reached skill level 5 in Shields
  2812 | D:4      | You fall into a shaft and drop 3 floors!
  2935 | D:7      | Noticed a kobold demonologist
  2944 | D:7      | Noticed an orc warrior
  2948 | D:7      | Noticed a rust devil
  2965 | D:7      | Noticed an orange demon
  2967 | D:7      | HP: 1/51 [kobold brigand/+0 dagger (3)]
  2968 | D:7      | Succumbed to an orange demon's poison

Illustrated notes

Levels and vault maps discovered:
D:1:      psy_arrival_whirlpool, layout_basic,
          hellmonk_ecumenical_altar_prayer_group, corexii_leaking_fountain
D:2:      layout_basic, serial_forest, infiniplex_forest_lined_3,
          infiniplex_forest_lined_room_2, infiniplex_forest_clump_diagonal,
          infiniplex_forest_clump_curved, infiniplex_forest_corner_2,
          infiniplex_forest_clump_large, serial_bayou_ford_a
D:3:      layout_rooms, minmay_cupped
D:4:      layout_rooms
D:7:      layout_basic, minmay_temple_entry_ruins, uniq_crazy_yiuf_cottage

Skill      XL: |  1  2  3  4  5  6 |
---------------+-------------------+-----
Invocations    | 1 2 |  2.2
Short Blades   | 1 2 |  2.0
Long Blades    | 1 2 |  2.0
Axes           | 1 2 |  2.0
Polearms       | 1 2 |  2.0
Staves         | 1 2 |  2.0
Slings         | 1 2 |  2.0
Bows           | 1 2 |  2.0
Crossbows      | 1 2 |  2.0
Throwing       | 1 2 |  2.0
Armour         | 1 2 |  2.0
Dodging        | 1 2 |  2.0
Stealth        | 1 2 |  2.0
Spellcasting   | 1 2 |  2.0
Conjurations   | 1 |  1.6
Hexes          | 1 |  1.6
Summonings     | 1 |  1.6
Necromancy     | 1 |  1.6
Translocations | 1 |  1.6
Transmutations | 1 |  1.6
Fire Magic     | 1 |  1.6
Ice Magic      | 1 |  1.6
Air Magic      | 1 |  1.6
Earth Magic    | 1 |  1.6
Poison Magic   | 1 |  1.6
Unarmed Combat | 3 |  3.3
Evocations     | 3 |  3.3
Fighting       | 5 |  5.0
Shields        | 5 |  5.0
Maces & Flails | |  8.8

Action                   |  1- 3 |  4- 6 || total
-------------------------+-------+-------++-------
Melee: Mace              |    91 |   197 ||   288
       Bite              |     3 |    14 ||    17
  Use: Scroll            |       |     4 ||     4
Armor: Leather armour    |     2 |       ||     2
       Ring mail         |    43 |    91 ||   134
Dodge: Dodged            |    52 |   101 ||   153
Block: Buckler           |    29 |    30 ||    59
